 Dungeon Crawl Stone Soup version 0.25-a0-161-gb7fd73da8f (webtiles) character file.

Game seed: 16686592523750902412, levelgen mode: deterministic

7 MisterFreud the Grasshopper (level 1, 0/9 HPs)
             Began as a Felid Wanderer on Nov 21, 2019.
             Slain by a leopard gecko (4 damage)
             ... on level 1 of the Dungeon.
             The game lasted 00:00:45 (249 turns).

MisterFreud the Grasshopper (Felid Wanderer)         Turns: 249, Time: 00:00:45

Health: 0/9        AC:  1    Str:  8    XL:     1   Next: 83%
Magic:  3/3        EV: 18    Int: 10    God:
Gold:   26         SH:  0    Dex: 18    Spells: 2/2 levels left
                                        Lives:  0   Deaths: 0

rFire    . . .     SeeInvis +     - Unarmed
rCold    . . .     Gourm    .   (shield unavailable)
rNeg     . . .     Faith    .   (armour unavailable)
rPois    .         Spirit   .   (helmet unavailable)
rElec    .         Reflect  .   (cloak unavailable)
rCorr    .         Harm     .   (gloves unavailable)
MR       .....                  (boots unavailable)
Stlth    ++........             (no amulet)
HPRegen  0.03/turn              (no ring)
MPRegen  0.08/turn              (no ring)

@: quick
A: very small, no armour, no weapons or thrown items, stealth, claws 1, fangs 3,
see invisible, carnivore, speed 1, shaggy fur 1, slow metabolism 1, sharp paws
a: no special abilities


You were on level 1 of the Dungeon.
You were very full.

You visited 1 branch of the dungeon, and saw 1 of its levels.

You collected 26 gold pieces.

Inventory:

Wands
 b - a wand of random effects (15)
Scrolls
 d - a scroll of immolation {unknown}
Potions
 a - 2 potions of flight {unknown}
Comestibles
 c - a ration


   Skills:
 + Level 1.5 Fighting
 - Level 2.6 Dodging
 - Level 1.3 Stealth
 - Level 1.0 Unarmed Combat
 - Level 1.0 Spellcasting
   Level 5.8 Translocations
 - Level 1.1 Evocations


You had 2 spell levels left.
You didn't know any spells.
Your spell library contained the following spells:

 Spells                   Type           Power        Failure   Level  Hunger
 Passwall                 Tmut/Erth      #.......     45%         2    ###....
 Sticks to Snakes         Tmut           #.......     45%         2    ###....


Dungeon Overview and Level Annotations

Branches:
Dungeon (1/15)

Altars:


Innate Abilities, Weirdness & Mutations

You cannot wear armour.
You are incapable of wielding weapons or throwing items.
Your paws allow you to move quietly. (Stealth)
You have sharp claws.
You have razor-sharp teeth.
You have supernaturally acute eyesight. (SInv)
You are carnivorous and can eat meat at any time.
You cover ground quickly.
You are covered in fur. (AC +1)
You have a slow metabolism.
Your sharp claws are effective at attacking unaware monsters.


Message History

Eating a chunk of flesh.
You eat the chunk of flesh.
This raw flesh tastes great.
A leopard gecko comes into view.
The leopard gecko hisses angrily.
The leopard gecko moves out of view.
Found a scroll labeled SAUXOU MIERE.
The leopard gecko is too close now for your liking.
The leopard gecko completely misses you.
You scratch the leopard gecko.
The leopard gecko is lightly wounded.
The leopard gecko closely misses you.
You closely miss the leopard gecko.
The leopard gecko is lightly wounded.
The leopard gecko barely misses you.
You closely miss the leopard gecko.
The leopard gecko is lightly wounded.
The leopard gecko bites you.
Ouch! That really hurt!
The leopard gecko bites you.
You die...

#. #...#..##### #.
+.<.'......#
#..#...#..###.#
#..##.##..# #.#
#...###...# #.#
#...?.....# #.#
#.........# #)#
#....l....# #.#
##.####@#..# #.#
#..####.#.####.#########
#..รท....................
#.#####................#
#.## ########..#.####..
#..## ####..#.#####
##.#.#######...........#
##.###.##...........###>#
#.##
##.....#.##.........#


You could see a leopard gecko.

Vanquished Creatures
  A hobgoblin (D:1)
  3 jackals (D:1)
  A goblin (D:1)
  A rat (D:1)
6 creatures vanquished.

Notes
Turn   | Place    | Note
-------+----------+-------------------------------------------
     0 | D:1      | MisterFreud the Felid Wanderer began the quest for the Orb.
     0 | D:1      | MisterFreud set off with the following items: a wand of
                  | random effects (15), a ration; and the following spells
                  | available to memorise: Passwall, Sticks to Snakes
     0 | D:1      | Reached XP level 1. HP: 7/7 MP: 3/3
    42 | D:1      | Reached skill level 1 in Fighting
   249 | D:1      | Slain by a leopard gecko

Levels and vault maps discovered:
D:1:      dpeg_arrival_shelter, layout_loops_ring

Skill      XL: |  1 |
---------------+----+-----
Fighting       | 1 |  1.5
Dodging        | |  2.6
Stealth        | |  1.3
Unarmed Combat | |  1.0
Spellcasting   | |  1.0
Translocations | |  5.8
Evocations     | |  1.1

Action                   || total
-------------------------++-------
Melee: Unarmed           ||    26
       Bite              ||     3
 Stab: Sleeping          ||     1
  Eat: Chunk             ||     4
Armor: Skin              ||     1
Dodge: Dodged            ||    20

Table legend:
 A = Non-vault XP
 B = Vault XP
 C = Vault XP percentage of total XP
 D = Non-vault monster count
 E = Vault monster count
 F = Vault count percentage of total count
                 A         B        C        D         E       F
            +---------+---------+-------+---------+---------+-------
      Total |      10 |       0 |   0.0 |       6 |       0 |   0.0
            +---------+---------+-------+---------+---------+-------
        D:1 |      10 |       0 |   0.0 |       6 |       0 |   0.0
            +---------+---------+-------+---------+---------+-------
